 Dungeon Crawl Stone Soup version 0.28-a0-991-g956f0ee3d5 (webtiles) character file.

Game seed: 13099620917969029872

130 Decritt the Skirmisher (level 4, -8/42 HPs)
             Began as a Minotaur Fighter on Dec 5, 2021.
             Mangled by Sigmund (9 damage)
             ... on level 3 of the Dungeon.
             The game lasted 00:02:55 (2140 turns).

Decritt the Skirmisher (Minotaur Fighter)           Turns: 2140, Time: 00:02:56

Health: -8/42      AC:  8    Str: 21    XL:     4   Next: 90%
Magic:  3/3        EV:  9    Int:  5    God:
Gold:   102        SH:  5    Dex: 11    Spells: 3/3 levels left

rFire   . . .      SeeInvis .   a - +0 war axe
rCold   + . .      Faith    +   c - +0 buckler
rNeg    . . .      Spirit   .   b - +0 scale mail
rPois   .          Reflect  .   (helmet restricted)
rElec   .          Harm     .   (no cloak)
rCorr   +          Rampage  .   j - +0 pair of gloves
Will    .....                   (no boots)
Stlth   ..........              m - amulet of faith
HPRegen 0.14/turn               k - ring of resist corrosion
MPRegen 0.08/turn               o - ring of protection from cold

@: no status effects
A: horns 2, retaliatory headbutt
a: no special abilities


You were on level 3 of the Dungeon.
You visited 1 branch of the dungeon, and saw 3 of its levels.

You collected 102 gold pieces.

Inventory:

Hand Weapons
 a - a +0 war axe (weapon)
Armour
 b - a +0 scale mail (worn)
 c - a +0 buckler (worn)
 j - a +0 pair of gloves (worn)
Jewellery
 k - a ring of resist corrosion (left hand)
 m - an amulet of faith (around neck)
 o - a ring of protection from cold (right hand)
 r - an amulet of magic regeneration
 s - a ring of magical power
Wands
 l - a wand of digging (5)
Scrolls
 f - a scroll of torment {unknown}
 g - 3 scrolls of enchant weapon {unknown}
 h - a scroll of holy word {unknown}
 i - 3 scrolls of identify {unknown}
 q - a scroll of vulnerability {unknown}
Potions
 d - a potion of might
 e - a potion of heal wounds {unknown}
 n - a potion of haste {unknown}
 p - 2 potions of degeneration {unknown}


   Skills:
 * Level 5.1 Fighting
 + Level 3.5 Axes
 + Level 4.4 Armour
 + Level 4.4 Shields


You had 3 spell levels left.
You didn't know any spells.
Your spell library was empty.

Dungeon Overview and Level Annotations

Branches:
Dungeon (3/15)

Altars:
Sif Muna

Annotations:
D:3 Sigmund


Innate Abilities, Weirdness & Mutations

You have a pair of horns on your head.
You reflexively headbutt those who attack you in melee.


Message History

Unknown command.
You slash the giant cockroach!
You kill the giant cockroach!
You miss something.
You hear some strange, mumbled words.
Something tries to affect you, but you resist.
Unknown command.
No target in view!
Unknown command.
No target in view!
Unknown command.
No target in view!
Unknown command.
No target in view!
Unknown command.
No target in view!
You closely miss something. Something hits you!
You miss something. Your headbutt misses something.
Something hits you but does no damage.
You barely miss something.
You hear some strange, mumbled words.
A magic dart appears from out of thin air!
The magic dart hits you.
* * * LOW HITPOINT WARNING * * *
You completely miss something. You block something's attack.
You barely miss something. Something hits you!
* * * LOW HITPOINT WARNING * * *
You closely miss something.
You hear some strange, mumbled words.
A puff of flame appears from out of thin air!
The puff of flame hits you.
* * * LOW HITPOINT WARNING * * *
You barely miss something. Something hits you!
* * * LOW HITPOINT WARNING * * *
You miss something. You block something's attack.
You barely miss something. Something hits you but does no damage.
You hit something. Your headbutt misses something. Something hits you.
* * * LOW HITPOINT WARNING * * *
You barely miss something. Something hits you!
You die...

#..# ...... ##.## #..# ####. #.#
#..# #. #.# #.. # ##'## #.. ###
##...## #.### ... ##.....##
#.#.### #.## ##.......#
##.....##########)..####.....<...
................@{.....+.........
###....#######.##...#.##.........
##.#.# #.# #.## ##.......# ###.#
#.# ..# ##.....## #.# #.# .#
##...## #.# #.# .# ##+## #.# #..
. #.# ### ## ## #.#


There were no monsters in sight!

Vanquished Creatures
  5 adders
  4 worms (D:2)
  2 dart slugs
  3 orcs (D:3)
  8 endoplasms
  5 giant cockroaches
  6 goblins
  4 hobgoblins
  3 jackals (D:2)
  3 quokkas
  A ball python (D:1)
  8 bats
  6 kobolds
  5 rats
63 creatures vanquished.

Notes
Turn   | Place    | Note
-------+----------+-------------------------------------------
     0 | D:1      | Decritt the Minotaur Fighter began the quest for the Orb.
     0 | D:1      | Reached XP level 1. HP: 19/19 MP: 0/0
   233 | D:1      | Reached XP level 2. HP: 27/27 MP: 1/1
   324 | D:1      | Reached skill level 4 in Fighting
   655 | D:1      | Found a faded altar of an unknown god.
   840 | D:2      | Reached XP level 3. HP: 25/34 MP: 2/2
  1336 | D:2      | Found a shimmering blue altar of Sif Muna.
  1428 | D:2      | Reached XP level 4. HP: 35/41 MP: 3/3
  1916 | D:3      | Reached skill level 5 in Fighting
  2123 | D:3      | Noticed Sigmund
  2139 | D:3      | HP: 1/42 [something (6)]
  2140 | D:3      | Mangled by Sigmund

Illustrated notes

Levels and vault maps discovered:
D:1:      wander_arrival_chamber, layout_basic,
          shapermc_ecumenical_altar_ellora, item_on_display_a
D:2:      layout_basic, basic_altar, minmay_indecisive_spiral
D:3:      layout_loops_corners, uniq_sigmund

Skill      XL: |  1  2  3  4 |
---------------+-------------+-----
Fighting       | 4 5 |  5.1
Armour         | 4 |  4.4
Shields        | 4 |  4.4
Axes           | 3 |  3.5

Action                   |  1- 3 |  4- 6 || total
-------------------------+-------+-------++-------
Melee: War axe           |    78 |    51 ||   129
       Headbutt          |    12 |     5 ||    17
Armor: Scale mail        |    45 |    17 ||    62
Dodge: Dodged            |    38 |    25 ||    63
Block: Buckler           |    20 |    10 ||    30

Table legend: (Time is in decaauts)
 A = Elapsed time spent in this place.
 B = Non-inter-level travel time spent in this place.
 C = Inter-level travel time spent in this place.
 D = Time resting spent in this place.
 E = Time spent auto-exploring this place.
 F = Levels seen in this place.
 G = Mean time per level.
                   A        B        C        D        E       F      G
               +--------+--------+--------+--------+--------+-----+--------+
         Total |   2183 |   2146 |     37 |    167 |   1590 |   3 |  727.7 |
       Dungeon |   2183 |   2146 |     37 |    167 |   1590 |   3 |  727.7 |
               +--------+--------+--------+--------+--------+-----+--------+

Top non-repeatable levels by time:
     D:2: 821 daAuts
     D:1: 818 daAuts
     D:3: 543 daAuts
